 Dungeon Crawl Stone Soup version 0.25.0-37-gb73750e0fb (webtiles) character file.

Game seed: 12066968666828211631

88 lepoulpe303 the Poker (level 4, 0/34 HPs)
             Began as a Merfolk Gladiator on July 8, 2020.
             Killed from afar by an orc wizard (3 damage)
             ... with a puff of flame
             ... on level 3 of the Dungeon.
             The game lasted 00:12:12 (2551 turns).

lepoulpe303 the Poker (Merfolk Gladiator)           Turns: 2551, Time: 00:12:12

Health: 0/34       AC:  6    Str: 15    XL:     4   Next: 54%
Magic:  4/4        EV: 12    Int:  7    God:
Gold:   87         SH:  0    Dex: 11    Spells: 3/3 levels left

rFire    . . .     SeeInvis .   a - +0 trident
rCold    . . .     Gourm    .   (no shield)
rNeg     . . .     Faith    .   k - +0 ring mail
rPois    +         Spirit   .   c - +0 helmet
rElec    .         Reflect  .   (no cloak)
rCorr    .         Harm     .   (no gloves)
MR       .....                  (no boots)
Stlth    +.........             (no amulet)
HPRegen  0.11/turn              P - ring of poison resistance
MPRegen  0.09/turn              p - -4 ring of dexterity

@: no status effects
A: change form in water, swift swim, stealthy swim
a: no special abilities


You were on level 3 of the Dungeon.
You were not hungry.

You visited 1 branch of the dungeon, and saw 3 of its levels.

You collected 87 gold pieces.

Inventory:

Hand Weapons
 a - a +0 trident (weapon)
Armour
 b - a +0 leather armour
 c - a +0 helmet (worn)
 i - a +0 chain mail
 k - a +0 ring mail (worn)
Jewellery
 f - an uncursed ring of stealth {Stlth+}
 p - a -4 ring of dexterity (right hand)
 P - a ring of poison resistance (left hand)
Scrolls
 l - a scroll of blinking {unknown}
 m - a scroll of random uselessness {unknown}
Potions
 h - 2 potions of curing {unknown}
 j - a potion of heal wounds {unknown}
 o - a potion of degeneration {unknown}
Comestibles
 e - 6 rations


   Skills:
 + Level 2.8 Fighting
 * Level 5.6 Polearms
 + Level 2.5 Throwing
 * Level 1.2 Armour
 + Level 4.5 Dodging


You had 3 spell levels left.
You didn't know any spells.
Your spell library was empty.

Dungeon Overview and Level Annotations

Branches:
Dungeon (3/15)

Altars:
Elyvilon

Annotations:
D:2 Sigmund


Message History

The orc wizard gestures at you while chanting.
You are confused.
The orc wizard struggles against the net.
You're too confused to move!
The orc wizard struggles against the net.
The orc wizard struggles against the net.
You bump into the rock wall.
The orc wizard struggles against the net.
You bump into the rock wall.
The orc wizard struggles against the net.
The net rips apart, and the orc wizard comes free!
You barely miss the orc wizard.
The orc wizard hits you but does no damage.
You're too confused to move!
You feel less confused.
The orc wizard hits you but does no damage.
You barely miss the orc wizard.
The orc wizard gestures at you while chanting.
The puff of flame hits you.
You die...

#.#.####....#.##.#####.......#
...................>.........#
#.#.####....#.###.#.####.###.#
..#.# #....#.# #...# #.#.#.#
###.# ######.# ##..# #.#.#.#
#.# #.# #..# #.#.#.#
#.#########.# ##.# #.#.#.#
..#...........#####.####.#...#
................@o.....(...#.#
###################..###.#####
#..# #.# #..# #.# ##.# #.#
#[###.# #######..##.#
.........##.# .........!#


You could see an orc wizard.

Levels and vault maps discovered:
D:1:      minmay_arrival_four_circles, layout_basic, grunt_decor_one_mirror
D:2:      wad_pebble_path, layout_loops_corners, elyvilon_altar_4, first_ration,
          uniq_sigmund
D:3:      layout_basic, uniq_terence

Notes
Turn   | Place    | Note
-------+----------+-------------------------------------------
     0 | D:1      | lepoulpe303 the Merfolk Gladiator began the quest for the
                  | Orb.
     0 | D:1      | Reached XP level 1. HP: 16/16 MP: 1/1
    59 | D:1      | Identified a +0 club
   265 | D:1      | Identified a +0 club
   329 | D:1      | Identified a +0 club
   337 | D:1      | Reached XP level 2. HP: 16/23 MP: 2/2
   700 | D:1      | Identified a +0 short sword
   779 | D:1      | Identified a +0 club
  1039 | D:2      | Identified a +0 club
  1043 | D:2      | Reached skill level 5 in Polearms
  1121 | D:2      | Identified a +0 ring mail (You found it on level 2 of the
                  | Dungeon)
  1156 | D:2      | Identified a +0 club
  1190 | D:2      | lepoulpe303: !whichgod mfgl
  1190 | D:2      | meem: 132 recent wins for mfgl: 37x Okawaru, 20x The
                  | Shining One, 11x Hepliaklqana, 10x Yredelemnul, 9x Gozag,
                  | 7x Ru, 6x Trog, 5x Ashenzari, 4x Zin, 4x Qazlal, 3x
                  | Uskayaw, 3x Wu Jian, 2x Cheibriados, 2x Dithmenos, 2x
                  | Fedhas, , Elyvilon, Jiyva, Kikubaaqudgha, Makhleb, Nemelex
                  | Xobeh, Xom
  1270 | D:2      | Found a white marble altar of Elyvilon.
  1292 | D:2      | Reached XP level 3. HP: 22/28 MP: 3/3
  1465 | D:2      | Identified a +0 scythe
  1465 | D:2      | Identified a +0 robe
  1465 | D:2      | Noticed Sigmund
  1817 | D:2      | Identified a +0 dagger
  1861 | D:2      | Identified a +0 club
  2065 | D:2      | Identified a ring of poison resistance (You found it on
                  | level 1 of the Dungeon)
  2066 | D:2      | Identified a ring of dexterity (You found it on level 2 of
                  | the Dungeon)
  2068 | D:2      | Identified a ring of stealth (You found it on level 1 of
                  | the Dungeon)
  2071 | D:2      | Identified a scroll of remove curse
  2223 | D:3      | Identified a +0 flail
  2223 | D:3      | Identified a +0 chain mail
  2223 | D:3      | Noticed Terence
  2260 | D:3      | Killed Terence
  2260 | D:3      | Reached skill level 1 in Armour
  2260 | D:3      | Reached XP level 4. HP: 21/34 MP: 4/4
  2371 | D:3      | Identified a +0 club
  2495 | D:3      | Identified a +0 club
  2495 | D:3      | Identified a +0 leather armour
  2495 | D:3      | Identified a +0 dagger
  2495 | D:3      | Identified a cursed +0 robe
  2495 | D:3      | Identified a +0 leather armour
  2495 | D:3      | Identified a +0 leather armour
  2535 | D:3      | HP: 4/34 [something/puff of flame (7)]
  2551 | D:3      | Killed from afar by an orc wizard

Table legend:
 A = Turns spent in this place as a percentage of turns spent in the entire game.
 B = Non-inter-level travel turns spent in this place as a percentage of non-inter-level travel turns spent in the entire game.
 C = Inter-level travel turns spent in this place as a percentage of turns spent in this place.
 D = Turns resting spent in this place as a percentage of non-inter-level travel turns spent in this place.
 E = Turns spent auto-exploring this place as a percentage of non-inter-level travel turns spent in this place.
 F = Non-inter-level travel turns spent in this place divided by the number of levels of this place that you've seen.
                   A       B       C       D       E      F
               +-------+-------+-------+-------+-------+----------------------
         Total | 100.0 | 100.0 |   4.7 |  23.8 |  58.6 | 810.7
       Dungeon | 100.0 | 100.0 |   4.7 |  23.8 |  58.6 | 810.7
               +-------+-------+-------+-------+-------+----------------------

Table legend:
 A = Kills in this place as a percentage of kills in entire the game.
 B = Kills by you in this place as a percentage of kills by you in the entire game.
 C = Kills by friends in this place as a percentage of kills by friends in the entire game.
 D = Other kills in this place as a percentage of other kills in the entire game.
 E = Experience gained in this place as a percentage of experience gained in the entire game.
 F = Experience gained in this place divided by the number of levels of this place that you have seen.
                   A       B       C       D       E      F
               +-------+-------+-------+-------+-------+----------------------
         Total | 100.0 | 100.0 |   N/A |   N/A | 100.0 |  42.3
       Dungeon | 100.0 | 100.0 |   N/A |   N/A | 100.0 |  42.3
               +-------+-------+-------+-------+-------+----------------------

Skill      XL: |  1  2  3 |
---------------+----------+-----
Polearms       | 5 |  5.6
Armour         | 1 |  1.2
Fighting       | |  2.8
Throwing       | |  2.5
Dodging        | |  4.5

Action                   |  1- 3 |  4- 6 || total
-------------------------+-------+-------++-------
Melee: Trident           |   132 |    30 ||   162
Throw: Throwing net      |       |     4 ||     4
  Use: Scroll            |     1 |       ||     1
 Stab: Sleeping          |     2 |       ||     2
  Eat: Chunk             |     1 |     1 ||     2
       Ration            |     1 |       ||     1
Armor: Leather armour    |    13 |       ||    13
       Ring mail         |    17 |    11 ||    28
Dodge: Dodged            |    77 |     9 ||    86

Vanquished Creatures
  Terence (D:3)
  An adder (D:2)
  An ooze (D:3)
  A dart slug (D:3)
  2 leopard geckos (D:3)
  3 orcs (D:3)
  3 goblins
  7 hobgoblins
  2 jackals (D:2)
  4 kobolds
  8 bats
  2 frilled lizards
  7 rats
42 creatures vanquished.
